AoeStats
← maxwarriner21

QS Arena

503448905Analyzed
1v1 RM · 1mo ago on Aug 31, 2026· 41m 27s· 2 players
Game mode
Random Map
Map size
Tiny (2 player)
Population
200
Speed
Normal
Resources
Standard
Victory
Conquest
Starting age
Dark Age
Ending age
Imperial Age
RankedLock teamsTeams togetherTeam positionsShared explorationLock speedFull tech treeHidden civsTurbo modeCheats
Victory
Defeat
🇷🇺 Burgundians · Russia
824
+16
🇺🇸 Spanish · United States
814
-34
maxwarriner21
9:07 Feudal Age
8:22 Loom
9:31 Horse Collar
9:58 Double-Bit Axe
10:27 Stone Mining
10:51 Gold Mining
19:28 Castle Age
20:53 Heavy Plow
21:05 Bow Saw
22:54 Stone Shaft Mining
22:42 Pikeman
36:35 Imperial Age
Burum
7:53 Feudal Age
7:03 Horse Collar
9:00 Heavy Plow
8:47 Double-Bit Axe
12:46 Loom
15:29 Castle Age
14:46 Forging
14:42 Scale Barding Armor
16:17 Scale Barding Armor
17:36 Scale Mail Armor
19:39 Wheelbarrow
21:10 Iron Casting
22:52 Bow Saw
22:41 Gold Mining
22:43 Stone Mining
23:17 Chain Barding Armor
25:22 Chain Mail Armor
25:11 Husbandry
24:32 Light Cavalry
27:05 Hand Cart
26:36 Town Watch
28:37 Cavalier
33:49 Imperial Age
31:23 Town Patrol
32:14 Burgundian Vineyards
40:14 Blast Furnace
39:49 Plate Barding Armor
39:46 Plate Mail Armor
40:20 Hoardings
39:20 Paladin
41:18 Two-Man Saw
40:52 Crop Rotation
Connection lost

Rejoining the realm…

Still unreachable

The connection could not be restored.

Session expired

The server has moved on; the page needs a fresh start.